 Dungeon Crawl Stone Soup version 0.29-a0-330-g52719c12eb (webtiles) character file.

Game seed: 16822000801727227275

3622 night the Archer (level 9, -1/71 HPs)
             Began as a Purple Draconian Hunter on May 18, 2022.
             Was an Elder of Hepliaklqana.
             Slain by a manticore (8 damage)
             ... on level 8 of the Dungeon.
             The game lasted 00:19:35 (7432 turns).

night the Archer (Purple Draconian Hunter)          Turns: 7432, Time: 00:19:36

Health: -1/71      AC:  8    Str: 25    XL:     9   Next: 87%
Magic:  9/9        EV: 15    Int: 12    God:    Hepliaklqana [****..]
Gold:   378        SH:  0    Dex: 17    Spells: 6/8 levels left

rFire   . . .      SeeInvis .   b - +0 great sword (flame)
rCold   . . .      Faith    .   (shield currently unavailable)
rNeg    . . .      Spirit   .   (body armour unavailable)
rPois   .          Reflect  .   (helmet restricted)
rElec   .          Harm     .   (no cloak)
rCorr   .          Rampage  .   (no gloves)
Will    +....                   B - +0 pair of boots
Stlth   ++........              j - amulet of the acrobat
HPRegen 0.21/turn               e - +6 ring of strength
MPRegen 0.11/turn               q - +6 ring of strength

@: brilliant
A: reduced essence, breathe power, AC +7, unfitting armour, cold-blooded
a: Breathe Dispelling Energy, Renounce Religion, Recall Ancestor, Ancestor
Identity, Transference, Idealise


You were on level 8 of the Dungeon.
You worshipped Hepliaklqana.
Hepliaklqana was greatly pleased with you.
You visited 1 branch of the dungeon, and saw 8 of its levels.

You collected 413 gold pieces.
You spent 35 gold pieces at shops.

Inventory:

Hand Weapons
 a - a +2 shortbow
 b - a +0 great sword of flaming (weapon)
 f - a +4 hand axe
 l - a +1 dagger of speed
 y - a +0 vampiric dagger
 J - a +0 great sword
 N - a +0 battleaxe
Missiles
 c - 152 stones (quivered)
 i - 18 poisoned darts
 k - 5 boomerangs
 M - a curare-tipped dart
Armour
 B - a +0 pair of boots (worn)
Jewellery
 e - a +6 ring of strength (left hand)
 j - an amulet of the acrobat (around neck)
 p - a ring of magical power
 q - a +6 ring of strength (right hand)
 t - a ring of protection from fire
 u - the ring of Igoof {Str+4 Int+6 Dex+6 Slay-4}
   (You found it on level 6 of the Dungeon)

   [ring of dexterity]

   Str:       It affects your strength (+4).
   Int:       It affects your intelligence (+6).
   Dex:       It affects your dexterity (+6).
   Slay:      It affects your accuracy & damage with ranged weapons and melee
   (-4).
 L - a ring of flight
Wands
 m - a wand of flame (22)
 w - a wand of iceblast (1)
 I - a wand of polymorph (14)
Scrolls
 o - 2 scrolls of blinking
 v - 3 scrolls of magic mapping
 A - 2 scrolls of amnesia
 D - 4 scrolls of immolation
 E - 3 scrolls of teleportation
 F - a scroll of enchant armour
Potions
 d - 3 potions of ambrosia
 g - 4 potions of curing
 h - 3 potions of lignification
 n - 4 potions of mutation
 r - 2 potions of magic
 s - 3 potions of might
 x - a potion of invisibility
 z - 2 potions of resistance {unknown}
 C - 2 potions of attraction
 G - 2 potions of brilliance
 H - a potion of flight {unknown}


   Skills:
 - Level 7.0 Fighting
 + Level 2.9 Long Blades
 * Level 9.9 Bows
 + Level 6.6 Dodging
 - Level 0.8 Stealth
 - Level 2.0 Translocations


You had 6 spell levels left.
You knew the following spells:

 Your Spells              Type           Power      Damage    Failure   Level
a - Blink                 Tloc           14%        N/A       22%         2

Your spell library contained the following spells:

 Spells                   Type           Power      Damage    Failure   Level
 Lesser Beckoning         Tloc           7%         N/A       41%         3
 Dazzling Flash           Conj/Hex       0%         N/A       69%         3
 Summon Guardian Golem    Hex/Summ       0%         N/A       69%         3
 Iskenderun's Mystic Bla  Conj/Tloc      3%         2d3       91%         4
 Manifold Assault         Tloc           7%         N/A       99%         5
 Blade Hands              Tmut           0%         N/A       100%        5
 Iron Shot                Conj/Erth      0%         9d1       100%        6
 Starburst                Conj/Fire      0%         6d3       100%        6
 Orb of Destruction       Conj           0%         9d5       100%        7
 Spellforged Servitor     Conj/Summ      0%         N/A       100%        7
 Animate Armour           Summ/Erth      Unusable   N/A       N/A         4

Dungeon Overview and Level Annotations

Branches:
Dungeon (8/15)             Temple (0/1) D:4
   Lair: D:8-11

Altars:
Hepliaklqana
Makhleb
Trog
Zin

Shops:
D:3 ?   D:4 !


Innate Abilities, Weirdness & Mutations

Your life essence is reduced to manifest your ancestor. (-10% HP)
You can breathe bolts of dispelling energy.
Your rich purple scales are hard. (AC +7)
You cannot fit into any form of body armour.
You are cold-blooded and may be slowed by cold attacks.


Message History

The arrow hits the manticore but does no damage.
Caesarion hits the manticore with a +0 dagger of draining!
The manticore flicks its tail.
The volley of spikes hits Caesarion!
Caesarion hits the manticore with a +0 dagger of draining.
Caesarion drains the manticore.
You shoot an arrow. Caesarion avoids your attack.
The arrow hits the manticore!
The manticore is heavily wounded.
Caesarion closely misses the manticore.
The manticore bites Caesarion!!
Caesarion is destroyed!
You shoot an arrow.
The arrow hits the manticore but does no damage.
The manticore is heavily wounded.
You shoot an arrow. The arrow hits the manticore!
The manticore is severely wounded.
The manticore bites you! The manticore closely misses you.
The manticore claws you.
Your +0 great sword of flaming bursts into flame!
b - a +0 great sword of flaming (weapon)
You hit the manticore but do no damage.
The manticore is severely wounded.
The manticore bites you!
The manticore claws you but does no damage. x2
The manticore bites you but does no damage.
The manticore claws you but does no damage.
The manticore misses you.
You barely miss the manticore.
The manticore is severely wounded.
The manticore barely misses you. The manticore claws you.
The manticore claws you but does no damage.
You hit the manticore but do no damage.
The manticore is severely wounded.
The manticore bites you!
* * * LOW HITPOINT WARNING * * *
The manticore claws you.
* * * LOW HITPOINT WARNING * * *
The manticore misses you. The manticore bites you!
* * * LOW HITPOINT WARNING * * *
The manticore claws you!
You die...

#.#
#..#.#.#.#........#..
#.#
#..#.#.#.#..#######..
..# ###..#.#...#..#
### ###
....#.#......####
....#...........#
...#.#....#H.###§#
#####.....[....##§#
#...##.#..##.#§
#..@H..#.## ..H.
#..#####.# §.....
..... ..# .$.[.##
....... ###......(###
....... #.. .....?.
... ....... ...
....... .#. #


You could see a manticore (drained).

Vanquished Creatures
  A kobold demonologist (D:8)
  Sigmund (D:2)
  A water moccasin (D:8)
  2 ogres
  A phantom (D:6)
  A bullfrog (D:7)
  A scorpion (D:4)
  A necrophage (D:5)
  4 killer bees (D:8)
  2 howler monkeys (D:7)
  2 electric eels (D:7)
  A jelly (D:6)
  3 hounds
  3 orc priests
  Jessica (D:2)
  Natasha (twice) (D:2)
  3 orc wizards
  4 adders
  2 shadow imps
  A white imp (D:5)
  An ufetubus (D:6)
  A worm (D:4)
  12 orcs
  3 endoplasms
  2 giant cockroaches (D:1)
  5 hobgoblins
  5 jackals (D:2)
  5 quokkas
  8 ball pythons
  5 bats (D:1)
  2 frilled lizards (D:3)
  6 goblins
  8 kobolds
  6 rats
106 creatures vanquished.

Vanquished Creatures (collateral kills)
  An ugly thing (D:8)
  A troll (D:7)
  A water moccasin (D:8)
  An ice beast (D:6)
  An orc warrior (D:6)
  2 black bears (D:5)
  A centaur (D:5)
  3 ogres
  A kobold brigand (D:8)
  2 scorpions
  A killer bee (D:8)
  2 howler monkeys (D:7)
  A jelly (D:6)
  An orc priest (D:6)
  An iguana (D:6)
  Natasha (D:2)
  A shadow imp (D:7)
  2 ufetubi
  A dart slug (D:4)
  6 orcs
  2 quokkas
  A kobold (D:8)
34 creatures vanquished.

Vanquished Creatures (others)
  4 hexers
  An ancestor (D:2)
  A plant (D:7)
6 creatures vanquished.

Grand Total: 146 creatures vanquished

Notes
Turn   | Place    | Note
-------+----------+-------------------------------------------
     0 | D:1      | night the Draconian Hunter began the quest for the Orb.
     0 | D:1      | Reached XP level 1. HP: 17/17 MP: 1/1
   118 | D:1      | Reached skill level 2 in Dodging
   118 | D:1      | Reached XP level 2. HP: 25/25 MP: 2/2
   252 | D:1      | Reached skill level 4 in Bows
   846 | D:2      | Reached XP level 3. HP: 29/30 MP: 3/3
  1068 | D:2      | Noticed Natasha
  1074 | D:2      | Killed Natasha
  1075 | D:2      | Reached XP level 4. HP: 34/38 MP: 4/4
  1085 | D:2      | Noticed Natasha
  1089 | D:2      | Killed Natasha
  1125 | D:2      | Found a faded altar of an unknown god.
  1134 | D:2      | Prayed at the altar of an unknown god.
  1134 | D:2      | Became a worshipper of Hepliaklqana the Forgotten
  1134 | D:2      | Reached * piety under Hepliaklqana
  1304 | D:2      | Learned a level 2 spell: Blink
  1382 | D:2      | Noticed Jessica
  1384 | D:2      | Killed Jessica
  1385 | D:2      | Reached XP level 5. HP: 29/40 MP: 5/5
  1529 | D:2      | Noticed Sigmund
  1547 | D:2      | Killed Sigmund
  1548 | D:2      | Reached skill level 5 in Bows
  1548 | D:2      | Reached skill level 1 in Translocations
  1548 | D:2      | Reached XP level 6. HP: 9/46 MP: 6/6
  1666 | D:2      | Noticed Natasha
  1676 | D:2      | Killed Natasha
  2341 | D:3      | Reached ** piety under Hepliaklqana
  2342 | D:3      | Remembered your ancestor Caesarion as a hexer
  2665 | D:3      | Found Goutauc's Magic Scroll Shoppe.
  2674 | D:3      | Bought a scroll of magic mapping for 35 gold pieces
  3085 | D:4      | Found Zaqileh's Distillery.
  3201 | D:4      | Found a burning altar of Makhleb.
  3204 | D:4      | Found a glowing silver altar of Zin.
  3208 | D:4      | Found a bloodstained altar of Trog.
  3303 | D:4      | Reached skill level 2 in Translocations
  3414 | D:4      | Found a staircase to the Ecumenical Temple.
  3556 | D:5      | Entered Level 5 of the Dungeon
  3603 | D:5      | Your scales start taking on a rich purple colour.
  3603 | D:5      | Reached XP level 7. HP: 49/53 MP: 7/7
  3605 | D:5      | Reached skill level 6 in Bows
  3897 | D:5      | Reached *** piety under Hepliaklqana
  3973 | D:5      | Reached skill level 5 in Fighting
  4003 | D:5      | Reached XP level 8. HP: 61/61 MP: 8/8
  4316 | D:5      | Reached skill level 7 in Bows
  5100 | D:6      | Identified the ring of Igoof {Str+4 Int+6 Dex+6 Slay-4}
  5110 | D:6      | Noticed a gargoyle
  5684 | D:6      | Reached **** piety under Hepliaklqana
  5711 | D:6      | Reached skill level 5 in Dodging
  5798 | D:6      | Reached skill level 8 in Bows
  5890 | D:7      | Found a transporter.
  5995 | D:7      | Reached XP level 9. HP: 55/70 MP: 9/9
  6100 | D:7      | Noticed a troll
  6109 | D:7      | Killed a troll
  6222 | D:7      | Found a transporter.
  6781 | D:8      | Reached skill level 9 in Bows
  6914 | D:8      | Reached skill level 1 in Long Blades
  6956 | D:8      | Noticed a red ugly thing
  6960 | D:8      | Killed a red ugly thing
  6961 | D:8      | Reached skill level 2 in Long Blades
  6966 | D:8      | Noticed a kobold demonologist
  6967 | D:8      | Noticed a manticore
  6968 | D:8      | Noticed an orange demon
  6977 | D:8      | Killed a kobold demonologist
  7432 | D:8      | HP: 7/71 [manticore (10)]
  7432 | D:8      | Slain by a manticore

Illustrated notes

Levels and vault maps discovered:
D:1:      dpeg_arrival_round_c, layout_loops_ring, minmay_stone_trees_medium,
          st_stairs_4
D:2:      layout_loops_corners, hellmonk_ecumenical_altar_blasted, uniq_jessica,
          uniq_sigmund, uniq_natasha
D:3:      layout_loops_corners, serial_shops, nicolae_square_shop
D:4:      layout_cave_pools, grunt_temple_overflow_diamond,
          minmay_temple_entry_wispy, serial_shops, shop_statue
D:5:      layout_basic, grunt_ministairs_12, minmay_stone_trees_small
D:6:      layout_loops_ring
D:7:      gammafunk_steamed_eel, layout_cave_pools, serial_park,
          serial_park_square1 [serial_park_minivault_5x5_1]
D:8:      minmay_bloctagon_deflated, layout_basic

Skill      XL: |  1  2  3  4  5  6  7  8  9 |
---------------+----------------------------+-----
Dodging        | 2 3 4 5 6 |  6.6
Bows           | 4 5 6 8 9 |  9.9
Fighting       | 3 4 5 6 7 |  7.0
Translocations | 1 2 |  2.0
Long Blades    | 2 |  2.9
Stealth        | |  0.8

Action                   |  1- 3 |  4- 6 |  7- 9 || total
-------------------------+-------+-------+-------++-------
Melee: Great sword       |       |       |    16 ||    16
       Tailslap          |       |       |     3 ||     3
 Fire: Shortbow          |    80 |    92 |   217 ||   389
Throw: Stone             |       |       |     1 ||     1
Invok: Recall Ancestor   |       |     1 |       ||     1
       Ancestor Life: He |       |     1 |       ||     1
       Transference      |       |       |     1 ||     1
 Abil: Breathe Dispellin |       |       |     3 ||     3
Evoke: Wand              |       |       |     4 ||     4
  Use: Scroll            |     3 |     7 |     9 ||    19
       Potion            |       |     1 |     1 ||     2
Armor: Skin              |    10 |     1 |    24 ||    35
Dodge: Dodged            |    21 |     6 |    67 ||    94

Table legend: (Time is in decaauts)
 A = Elapsed time spent in this place.
 B = Non-inter-level travel time spent in this place.
 C = Inter-level travel time spent in this place.
 D = Time resting spent in this place.
 E = Time spent auto-exploring this place.
 F = Levels seen in this place.
 G = Mean time per level.
                   A        B        C        D        E       F      G
               +--------+--------+--------+--------+--------+-----+--------+
         Total |   7523 |   7283 |    240 |    792 |   5397 |   8 |  940.4 |
       Dungeon |   7523 |   7283 |    240 |    792 |   5397 |   8 |  940.4 |
               +--------+--------+--------+--------+--------+-----+--------+

Top non-repeatable levels by time:
     D:5: 1432 daAuts
     D:2: 1261 daAuts
     D:7: 1090 daAuts
     D:3: 993 daAuts
     D:6: 924 daAuts
     D:1: 792 daAuts
     D:4: 551 daAuts
     D:8: 476 daAuts
